 Dungeon Crawl Stone Soup version 0.22.1-2-g9c5b331 (webtiles) character file.

123862 chorionicmirror the Severer (level 16, 0/155 HPs)
             Began as a Hill Orc Fighter on Jan 6, 2019.
             Was the Champion of Makhleb.
             Slain by an anaconda (1 damage)
             ... on level 4 of the Snake Pit.
             The game lasted 01:49:10 (21960 turns).

chorionicmirror the Severer (Hill Orc Fighter)     Turns: 21960, Time: 01:49:11

Health: 0/155      AC: 31    Str: 22    XL:     16   Next: 91%
Magic:  16/16      EV:  9    Int:  8    God:    Makhleb [******]
Gold:   1206       SH: 18    Dex: 14    Spells: 15/15 levels left

rFire    . . .     SeeInvis .   q - +5 war axe (elec)
rCold    + . .     Gourm    .   c - +1 shield
rNeg     . . .     Faith    .   u - +0 chain mail {rPois}
rPois    +         Spirit   .   w - +1 helmet
rElec    .         Reflect  +   S - +0 cloak {rPois}
rCorr    .         Harm     .   O - +2 pair of gloves
MR       +....                  m - +0 pair of boots
Stlth    ..........             n - +3 amulet of reflection
HPRegen  0.35/turn              l - ring of protection from cold
MPRegen  0.15/turn              C - ring of Robustness {AC+8}

@: very slightly contaminated, constricted
A: no striking features
a: Minor Destruction, Lesser Servant of Makhleb, Major Destruction, Greater
Servant of Makhleb, Renounce Religion


You were on level 4 of the Snake Pit.
You worshipped Makhleb.
Makhleb was exalted by your worship.
You were not hungry.

You visited 5 branches of the dungeon, and saw 21 of its levels.
You also visited: Labyrinth, Sewer and Bailey.

You collected 1839 gold pieces.
You spent 633 gold pieces at shops.

Inventory:

Hand Weapons
 a - a +4 morningstar of freezing
 q - a +5 war axe of electrocution (weapon)
Armour
 c - a +1 shield (worn)
 m - a +0 pair of boots (worn)
 u - a +0 chain mail of poison resistance (worn)
 w - a +1 helmet (worn)
 O - a +2 pair of gloves (worn)
 S - a +0 cloak of poison resistance (worn)
Jewellery
 l - a ring of protection from cold (left hand)
 n - a +3 amulet of reflection (around neck)
 C - the ring of Robustness (right hand) {AC+8}
   (You found it on level 5 of the Dungeon)

   [ring of protection]

   It affects your AC (+8).
Wands
 j - a wand of polymorph (8)
 A - a wand of clouds (4)
 D - a wand of enslavement (15)
 G - a wand of paralysis (32)
 M - a wand of iceblast (22)
 Q - a wand of acid (25)
 U - a wand of flame (29)
 Y - a wand of disintegration (2)
 Z - a wand of scattershot (5)
Scrolls
 e - 3 scrolls of fear
 h - 2 scrolls of remove curse
 i - 2 scrolls of holy word
 v - 3 scrolls of amnesia
 x - 4 scrolls of teleportation
 B - 4 scrolls of fog
 F - 3 scrolls of enchant armour
 T - 2 scrolls of magic mapping
 V - 2 scrolls of blinking
 X - 9 scrolls of identify
Potions
 d - 3 potions of might
 g - a potion of haste
 k - 3 potions of flight
 p - a potion of lignification
 r - 5 potions of curing
 s - a potion of agility
 t - 2 potions of ambrosia
 E - a potion of brilliance
 N - a potion of magic
 R - a potion of cancellation
Miscellaneous
 o - a lightning rod (4/4)
 y - a phial of floods
 z - a fan of gales
 I - a lightning rod (4/4)
Comestibles
 f - 33 rations


   Skills:
 + Level 17.5 Fighting
 - Level 18.2 Axes
 + Level 14.9 Armour
 + Level 7.3 Dodging
 - Level 15.0 Shields


You had 15 spell levels left.
You didn't know any spells.
Your spell library contained the following spells:

 Spells                   Type           Power        Failure   Level  Hunger
 Beastly Appendage        Tmut           #.....       90%         1    ##.....
 Sandblast                Erth           #.....       90%         1    ##.....
 Summon Small Mammal      Summ           #...         90%         1    ##.....
 Call Imp                 Summ           #.......     97%         2    ###....
 Corpse Rot               Necr           N/A          97%         2    ###....
 Passwall                 Tmut/Erth      #.......     97%         2    ###....
 Sticks to Snakes         Tmut           #.......     97%         2    ###....
 Sublimation of Blood     Necr           #.........   97%         2    ###....
 Call Canine Familiar     Summ           #.......     99%         3    ####...
 Spider Form              Tmut/Pois      #.........   99%         3    ####...
 Stone Arrow              Conj/Erth      #.....       99%         3    ####...
 Summon Guardian Golem    Hex/Summ       #.......     99%         3    ####...
 Ice Form                 Ice/Tmut       #.......     100%        4    #####..
 Petrify                  Tmut/Erth      #.......     100%        4    #####..
 Summon Ice Beast         Ice/Summ       #.......     100%        4    #####..
 Summon Lightning Spire   Summ/Air       #.......     100%        4    #####..
 Agony                    Necr           #.......     100%        5    ######.
 Blade Hands              Tmut           #.........   100%        5    ######.
 Bolt of Draining         Conj/Necr      #.........   100%        5    ######.
 Bolt of Magma            Conj/Fire/Erth #.........   100%        5    ######.
 Dispel Undead            Necr           #.......     100%        5    ######.
 Excruciating Wounds      Chrm/Necr      #.........   100%        5    ######.
 Iskenderun's Battlesphe  Conj/Chrm      #.......     100%        5    ######.
 Lee's Rapid Deconstruct  Erth           #.........   100%        5    ######.
 Venom Bolt               Conj/Pois      #.........   100%        5    ######.
 Iron Shot                Conj/Erth      #.........   100%        6    #######
 Statue Form              Tmut/Erth      #........    100%        6    #######
 Orb of Destruction       Conj           #.........   100%        7    #######
 Spellforged Servitor     Conj/Summ      #.........   100%        7    #######


Dungeon Overview and Level Annotations

Branches:
Dungeon (12/15)            Temple (1/1) D:4            Lair (3/6) D:9
 Shoals (0/4) Lair:3        Snake (4/4) Lair:3          Orc (1/2) D:9

Altars:
Ashenzari
Cheibriados
Dithmenos
Elyvilon
Fedhas
Gozag
Hepliaklqana
Kikubaaqudgha
Makhleb
Nemelex Xobeh
Okawaru
Ru
Sif Muna
Trog
Vehumet
Wu Jian
Xom
Yredelemnul
Zin
The Shining One
Beogh

Shops:
D:5 !*?   D:6 (   D:8 [   D:10 *   Snake:2 %

Annotations:
Orc:1 3 runed doors, Tiagovsky's ghost, journeyman GrFi


Message History

The nagaraja constricts you.
Okay, then.
You feel better.
The nagaraja looks more healthy.
The nagaraja hits you with a long sword of protection!
* * * LOW HITPOINT WARNING * * *
The nagaraja constricts you.
Okay, then.
Blink to where?
Press: ? - help, Dir - move target cursor You escape the nagaraja's grasp.
You are very lightly contaminated with residual magic.
As you read the scroll of blinking, it crumbles to dust.
An anaconda comes into view.
The anaconda hisses angrily.
You slash the anaconda! Lightning courses through the anaconda!
The anaconda is heavily wounded.
You block the anaconda's attack. The anaconda misses you.
The anaconda grabs you. The anaconda bites you.
* * * LOW HITPOINT WARNING * * *
You die...

..#.......#..# ##### ..
#.......#..# ..... ...
#.......#.. ####. ...
#..[....# #..'# '##
#.... ... .... ##. #.
##### ###.#.. #
##...###...#######.'. .
......S@...........#####
.#####....####..........
##...# #........(
#..######.......).
#....##........)).
#................. ##
#..(....)..(.§N... .####
#..........#(...## ....#
#######..........#))..##


You could see an anaconda.

Vanquished Creatures
  Frances (Snake:2)
  Kirke (Snake:3)
  Roxanne (Snake:1)
  8 nagarajas
  Azrael (Snake:2)
  A minotaur (Lab)
  Snorg (Lair:3)
  13 naga warriors
  Harold (D:11)
  Fannar (D:11)
  15 anacondas
  3 hydras
  A two-headed ogre (D:10)
  Erica (Lair:1)
  The ghost of lapinsky the Blocker, a novice HOFi of Gozag (D:8)
  A centaur warrior (D:12)
  5 shock serpents
  12 naga sharpshooters
  3 salamander mystics
  An unseen horror (D:11)
  An orc knight (D:11)
  9 naga ritualists
  14 mana vipers
  2 orc sorcerers (Orc:1)
  9 salamanders
  6 elephants
  A cyclops (D:12)
  9 guardian serpents
  48 black mambas
  2 centaur zombies
  A merfolk siren (Lair:3)
  Psyche (D:9)
  17 naga magi
  3 spiny frogs (Lair:1)
  6 komodo dragons
  A troll (D:12)
  2 hornets
  2 dream sheep (D:9)
  6 hippogriffs
  9 blink frogs (Lair:3)
  A shadow (D:11)
  A wyvern (Lair:3)
  2 wraiths
  2 redbacks (Lab)
  8 yaks
  3 basilisks
  4 fire elementals (Snake:2)
  3 hogs (Snake:3)
  Grum (Lair:1)
  55 nagas
  Menkaure (D:5)
  A warg (Orc:1)
  5 water moccasins
  4 hell hounds (Snake:2)
  4 porcupines
  An eye of draining (D:10)
  An ice beast (D:12)
  2 sky beasts (D:5)
  6 phantoms
  13 orc warriors
  4 ogres
  7 wolves
  A centaur (D:10)
  10 crocodiles
  Blork the orc (D:4)
  3 big kobolds (D:9)
  7 bullfrogs
  17 killer bees
  5 scorpions
  12 wights
  A jelly (D:10)
  2 howler monkeys
  2 lava snakes (D:7)
  3 crimson imps
  A quasit (D:5)
  10 hounds
  8 orc priests
  A gnoll shaman (D:8)
  8 orc wizards
  Terence (D:2)
  2 bullfrog zombies
  An iguana (D:8)
  7 worker ants
  A hound zombie (D:7)
  A worker ant zombie (D:11)
  18 adders
  7 gnolls
  2 shadow imps
  2 oozes
  An adder zombie (D:7)
  3 adder skeletons
  7 worms
  4 dart slugs
  A leopard gecko (D:11)
  61 orcs
  3 giant cockroaches
  6 goblins
  4 hobgoblins
  6 jackals
  2 quokkas
  5 ball pythons
  11 bats
  8 frilled lizards
  2 gnoll zombies (D:5)
  24 kobolds
  2 quokka skeletons
  A quokka zombie (D:9)
  16 rats
651 creatures vanquished.

Vanquished Creatures (others)
  3 naga sharpshooters
  Sonja (Lair:1)
  A naga ritualist (Snake:3)
  A black mamba (Snake:4)
  A human (Snake:3)
  A naga (Snake:3)
8 creatures vanquished.

Grand Total: 659 creatures vanquished

Notes
Turn   | Place    | Note
-------+----------+-------------------------------------------
     0 | D:1      | chorionicmirror the Hill Orc Fighter began the quest for
                  | the Orb.
     0 | D:1      | Reached XP level 1. HP: 19/19 MP: 1/1
   163 | D:1      | Reached skill level 3 in Axes
   181 | D:1      | Reached XP level 2. HP: 27/27 MP: 2/2
   359 | D:1      | Reached XP level 3. HP: 33/33 MP: 3/3
   635 | D:2      | Reached skill level 4 in Axes
   644 | D:2      | Reached XP level 4. HP: 27/40 MP: 4/4
   660 | D:2      | Noticed Terence
   682 | D:2      | Killed Terence
   691 | D:2      | Reached XP level 5. HP: 18/47 MP: 5/5
  1253 | D:3      | Reached skill level 5 in Axes
  1887 | D:4      | Reached XP level 6. HP: 54/55 MP: 6/6
  1968 | D:4      | HP: 1/55 [orc priest/divine providence (14)]
  1970 | D:4      | Reached skill level 5 in Fighting
  1970 | D:4      | Reached skill level 6 in Axes
  2216 | D:4      | Reached XP level 7. HP: 57/61 MP: 7/7
  2241 | D:4      | Reached skill level 5 in Armour
  2307 | D:4      | Found a shadowy altar of Dithmenos.
  2309 | D:4      | Found a sparkling altar of Nemelex Xobeh.
  2309 | D:4      | Found an ornate altar of the Wu Jian Council.
  2311 | D:4      | Found a shimmering altar of Xom.
  2311 | D:4      | Found a sparkling altar of Nemelex Xobeh.
  2311 | D:4      | Found a shadowy altar of Dithmenos.
  2426 | D:4      | Found a staircase to the Ecumenical Temple.
  2435 | Temple   | Entered the Ecumenical Temple
  2458 | Temple   | Became a worshipper of Makhleb the Destroyer
  2560 | D:4      | Reached skill level 7 in Axes
  2560 | D:4      | Reached skill level 5 in Shields
  2669 | D:4      | Noticed Blork the orc
  2689 | D:4      | Killed Blork the orc
  2942 | D:5      | Entered Level 5 of the Dungeon
  2945 | D:5      | Found Utubuwud's General Store.
  2953 | D:5      | Bought a scroll of holy word for 75 gold pieces
  3007 | D:5      | Reached skill level 8 in Axes
  3007 | D:5      | Reached XP level 8. HP: 42/70 MP: 8/8
  3268 | D:5      | Reached * piety under Makhleb
  3272 | D:5      | Found Fukkim's Magic Scroll Shoppe.
  3292 | D:5      | Bought a scroll of magic mapping for 49 gold pieces
  3292 | D:5      | Bought a scroll of enchant weapon for 105 gold pieces
  3328 | D:5      | Found the ring of Robustness {AC+8}
  3431 | D:5      | Noticed Menkaure
  3445 | D:5      | Killed Menkaure
  3445 | D:5      | Reached skill level 9 in Axes
  3638 | D:5      | Found Ahuzom's Distillery.
  3711 | D:5      | Found a basalt altar of Yredelemnul.
  4201 | D:6      | Found a glowing drain.
  4227 | Sewer    | Entered a sewer
  4455 | Sewer    | Reached ** piety under Makhleb
  4521 | D:6      | Found Juet's Antique Weapon Emporium.
  4892 | D:7      | Reached skill level 10 in Axes
  4903 | D:7      | Reached XP level 9. HP: 64/79 MP: 9/9
  4945 | D:7      | Found a sacrificial altar of Ru.
  5404 | D:7      | Reached skill level 11 in Axes
  5542 | D:7      | Found a shadowy altar of Dithmenos.
  5542 | D:7      | Found a white marble altar of Elyvilon.
  5544 | D:7      | Found a deep blue altar of Sif Muna.
  5756 | D:8      | Found Fiffoo's Armour Shop.
  5765 | D:8      | Bought a +2 pair of gloves for 264 gold pieces
  5776 | D:8      | Noticed a hornet
  5780 | D:8      | Reached *** piety under Makhleb
  5788 | D:8      | Killed a hornet
  5825 | D:8      | Reached skill level 12 in Axes
  5843 | D:8      | Found a runed gate.
  5844 | D:8      | Found a runed gate.
  5845 | D:8      | Found a runed gate.
  5845 | D:8      | Noticed lapinsky's ghost (novice HOFi)
  5886 | D:8      | Killed lapinsky's ghost
  5886 | D:8      | Reached XP level 10. HP: 67/91 MP: 10/10
  6058 | D:8      | Found a flagged portal.
  6067 | Bailey   | Entered a bailey
  6420 | Bailey   | Reached skill level 13 in Axes
  7370 | D:9      | Found a staircase to the Lair.
  7487 | D:9      | Noticed Psyche
  7505 | D:9      | Killed Psyche
  7750 | D:9      | Found a staircase to the Orcish Mines.
  7999 | D:9      | Reached skill level 10 in Fighting
  8004 | D:9      | Reached skill level 14 in Axes
  8056 | D:9      | Noticed a three-headed hydra
  8069 | D:9      | Killed a three-headed hydra
  8069 | D:9      | Reached XP level 11. HP: 86/99 MP: 11/11
  8174 | Lair:1   | Entered Level 1 of the Lair of Beasts
  8355 | Lair:1   | Reached skill level 15 in Axes
  8389 | Lair:1   | Noticed Sonja
  8420 | Lair:1   | Killed Sonja
  8420 | Lair:1   | Reached skill level 10 in Shields
  8522 | Lair:1   | Noticed Erica
  8535 | Lair:1   | Noticed a seven-headed hydra
  8540 | Lair:1   | Killed Erica
  8540 | Lair:1   | Reached **** piety under Makhleb
  8571 | Lair:1   | Killed a seven-headed hydra
  8837 | Lair:1   | Noticed Grum
  8853 | Lair:1   | Killed Grum
  8853 | Lair:1   | Reached skill level 16 in Axes
  9532 | Orc:1    | Entered Level 1 of the Orcish Mines
  9537 | Orc:1    | Noticed an orc sorcerer
  9544 | Orc:1    | Paralysed by an orc sorcerer for 5 turns
  9561 | Orc:1    | Killed an orc sorcerer
  9561 | Orc:1    | Reached XP level 12. HP: 100/107 MP: 12/12
  9575 | Orc:1    | Found a runed gate.
  9576 | Orc:1    | Found a runed gate.
  9576 | Orc:1    | Found a runed gate.
  9578 | Orc:1    | Noticed a tengu warrior
  9579 | Orc:1    | Noticed Tiagovsky's ghost (journeyman GrFi)
  9579 | Orc:1    | Noticed a merfolk impaler
  9580 | Orc:1    | Found an iron altar of Okawaru.
  9580 | Orc:1    | Noticed a deep elf knight
  9806 | Orc:1    | Noticed a sun demon
  9901 | D:10     | Entered Level 10 of the Dungeon
  9915 | D:10     | Found Biohe's Assorted Antiques.
  9920 | D:10     | Bought a scroll of remove curse for 84 gold pieces
  9920 | D:10     | Bought a scroll of identify for 56 gold pieces
  9967 | D:10     | Noticed a two-headed ogre
  9979 | D:10     | Killed a two-headed ogre
 10239 | D:10     | Found a shimmering altar of Xom.
 10544 | D:11     | Found a roughly hewn altar of Beogh.
 10571 | D:11     | Reached ***** piety under Makhleb
 10618 | D:11     | Noticed Harold
 10633 | D:11     | Killed Harold
 10647 | D:11     | Found a labyrinth entrance.
 10654 | Lab      | Entered a labyrinth
 12176 | Lab      | Noticed a minotaur
 12196 | Lab      | Killed a minotaur
 12198 | Lab      | Found the +3 sling "Punk" {acid, rCorr}
 12262 | D:11     | Noticed Fannar
 12279 | D:11     | Killed Fannar
 13036 | D:12     | Noticed a centaur warrior
 13041 | D:12     | Killed a centaur warrior
 13106 | D:12     | Noticed a five-headed hydra
 13113 | D:12     | Killed a five-headed hydra
 13121 | D:12     | Reached XP level 13. HP: 82/117 MP: 13/13
 13131 | D:12     | Paralysed by a hornet for 1 turns
 13905 | Lair:2   | Identified a scroll of acquirement
 14714 | Lair:3   | Found a staircase to the Snake Pit.
 14723 | Lair:3   | Noticed Snorg
 14747 | Lair:3   | Killed Snorg
 15091 | Lair:3   | Found a staircase to the Shoals.
 15433 | Snake:1  | Entered Level 1 of the Snake Pit
 15494 | Snake:1  | Reached skill level 17 in Axes
 15743 | Snake:1  | Reached ****** piety under Makhleb
 16059 | Snake:1  | Reached XP level 14. HP: 108/129 MP: 14/14
 16327 | Snake:1  | Reached skill level 10 in Armour
 16694 | Snake:1  | Reached skill level 18 in Axes
 17355 | Snake:1  | Noticed Roxanne
 17376 | Snake:1  | Killed Roxanne
 17377 | Snake:1  | Identified Roxanne's Guide on Earth (You took it off
                  | Roxanne on level 1 of the Snake Pit)
 17730 | Snake:2  | Found Nethreesch's Food Shop.
 18110 | Snake:2  | Reached skill level 15 in Shields
 18124 | Snake:2  | Noticed Azrael
 18201 | Snake:2  | Killed Azrael
 19030 | Snake:2  | Noticed Frances
 19040 | Snake:2  | Killed Frances
 19126 | Snake:2  | Noticed a nagaraja
 19224 | Snake:2  | Killed a nagaraja
 19224 | Snake:2  | Reached XP level 15. HP: 43/139 MP: 15/15
 19247 | Snake:2  | Reached skill level 15 in Fighting
 19985 | Snake:3  | Reached skill level 1 in Dodging
 20161 | Snake:3  | Noticed a nagaraja
 20258 | Snake:3  | Noticed Kirke
 20302 | Snake:3  | Killed Kirke
 20328 | Snake:3  | Noticed a nagaraja
 20338 | Snake:3  | Killed a nagaraja
 20922 | Snake:4  | Entered Level 4 of the Snake Pit
 21056 | Snake:4  | Noticed a nagaraja
 21062 | Snake:4  | Noticed a nagaraja
 21081 | Snake:4  | Reached XP level 16. HP: 105/152 MP: 10/16
 21283 | Snake:4  | Reached skill level 5 in Dodging
 21364 | Snake:4  | Noticed a nagaraja
 21382 | Snake:4  | Killed a nagaraja
 21416 | Snake:4  | Noticed a nagaraja
 21437 | Snake:4  | Killed a nagaraja
 21440 | Snake:4  | Killed a nagaraja
 21533 | Snake:4  | Noticed a nagaraja
 21554 | Snake:4  | Killed a nagaraja
 21597 | Snake:4  | Killed a nagaraja
 21846 | Snake:4  | Noticed a nagaraja
 21860 | Snake:4  | Killed a nagaraja
 21940 | Snake:4  | Noticed a nagaraja
 21953 | Snake:4  | HP: 4/155 [nagaraja/long sword of protection (15)]
 21960 | Snake:4  | HP: 1/155 [anaconda (6)]
 21960 | Snake:4  | Slain by an anaconda

Skill      XL: |  1  2  3  4  5  6  7  8  9 10 11 12 13 14 15 16 |
---------------+-------------------------------------------------+-----
Axes           | 3 4 5 6 8 10 12 14 16 17 18 | 18.2
Fighting       | 4 5 6 7 9 10 11 13 14 16 17 | 17.5
Armour         | 4 5 8 9 11 13 14 | 14.9
Shields        | 4 5 6 8 9 11 13 14 15 | 15.0
Dodging        | 4 7 |  7.3

Action                   |  1- 3 |  4- 6 |  7- 9 | 10-12 | 13-15 | 16-18 || total
-------------------------+-------+-------+-------+-------+-------+-------++-------
Melee: War axe           |   126 |   207 |   490 |   797 |  1183 |   269 ||  3072
       Flail             |       |       |       |    10 |       |       ||    10
       Mace              |       |       |       |    23 |       |       ||    23
       Morningstar       |       |       |       |     4 |       |       ||     4
       Executioner's axe |       |       |       |       |    16 |       ||    16
Evoke: Wand              |       |       |       |       |     1 |       ||     1
  Use: Scroll            |     2 |     6 |    11 |    10 |     9 |     2 ||    40
       Potion            |       |     3 |       |     3 |    16 |     4 ||    26
 Stab: Invisible         |       |       |       |     1 |     1 |       ||     2
       Held in net/web   |       |       |       |     1 |       |       ||     1
  Eat: Chunk             |       |     5 |     8 |     5 |     6 |       ||    24
       Ration            |       |       |     2 |     5 |     6 |     1 ||    14
Armor: Scale mail        |    47 |    31 |       |       |       |       ||    78
       Chain mail        |       |    71 |   214 |   412 |   402 |   107 ||  1206
       Plate armour      |       |       |       |     4 |       |       ||     4
       Skin              |       |       |       |       |    12 |       ||    12
Dodge: Dodged            |    45 |    48 |    67 |   144 |   201 |    90 ||   595
Block: Shield            |    73 |   131 |   335 |   670 |   844 |   223 ||  2276
       Reflection        |       |       |     7 |    14 |    72 |    25 ||   118
       Other             |       |       |       |       |     2 |       ||     2
